 Dungeon Sprint DCSS version 0.30-a0-137-gd8773701ce (webtiles) character file.

Game seed: 14369191905541558450

13100000 howech the Ninja (level 27, -59/174 HPs)
             Began as a Spriggan Brigand on Sept 21, 2022.
             Was the Champion of Makhleb.
             Annihilated by The Servant
             ... wielding a +9 glaive of flaming
              (149 damage)
             ... in the Dungeon (Sprint VIII: "Arena of Blood").
             The game lasted 00:05:56 (131 turns).

howech the Ninja (Spriggan Brigand)                  Turns: 131, Time: 00:05:57

Health: -59/174    AC:  6    Str:  7    XL:     27
Magic:  36/55      EV: 51    Int: 16    God:    Makhleb [******]
Gold:   0          SH:  0    Dex: 27    Spells: 80/80 levels left

rFire   . . .      SeeInvis +    l - +∞ Axe of Woe
rCold   . . .      Faith    .    (shield currently unavailable)
rNeg    . . .      Spirit   .    b - +0 robe
rPois   .          Reflect  .    (helmet restricted)
rElec   .          Harm     .    c - +0 cloak
rCorr   .          Rampage  .    (gloves unavailable)
Will    ++++.      NoTele   +    (boots unavailable)
Stlth   ++++++++++               (no amulet)
HPRegen 0.39/turn                h - ring of see invisible
MPRegen 0.34/turn                (no ring)

@: slowed, quick
A: very small, no large weapons, unfitting armour, see invisible, speed 3
a: Renounce Religion, Minor Destruction, Lesser Servant of Makhleb, Major
Destruction, Greater Servant of Makhleb


You were in the Dungeon.
You worshipped Makhleb.
Makhleb was exalted by your worship.
You visited 1 branch

Inventory:

Hand Weapons
 a - a +2 dagger
 l - the +∞ Axe of Woe (weapon)
   (You found it in the Dungeon)
Missiles
 d - 9 poisoned darts (quivered)
 e - 3 curare-tipped darts
Armour
 b - a +0 robe (worn)
 c - a +0 cloak (worn)
Jewellery
 h - a ring of see invisible (left hand)
 m - a +200 ring of slaying
 n - a +200 ring of slaying
Scrolls
 k - a scroll of blinking
Potions
 f - a potion of curing
 g - a potion of heal wounds
 i - 2 potions of magic
 j - a potion of berserk rage


   Skills:
 O Level 27 Fighting
 O Level 27 Short Blades
 O Level 27 Long Blades
 O Level 27 Axes
 O Level 27 Maces & Flails
 O Level 27 Polearms
 O Level 27 Staves
 O Level 27 Ranged Weapons
 O Level 27 Throwing
 O Level 27 Armour
 O Level 27 Dodging
 O Level 27 Stealth
 O Level 27 Shields
 O Level 27 Unarmed Combat
 O Level 27 Spellcasting
 O Level 27 Conjurations
 O Level 27 Hexes
 O Level 27 Summonings
 O Level 27 Necromancy
 O Level 27 Translocations
 O Level 27 Transmutations
 O Level 27 Fire Magic
 O Level 27 Ice Magic
 O Level 27 Air Magic
 O Level 27 Earth Magic
 O Level 27 Poison Magic
 O Level 27 Invocations
 O Level 27 Evocations


You had 80 spell levels left.
You didn't know any spells.
Your spell library was empty.

Dungeon Overview and Level Annotations

Branches:
Dungeon (1/1)

Altars:
Makhleb

Annotations:
D The Servant


Innate Abilities, Weirdness & Mutations

You are very small and have problems with some larger weapons.
You are too small for most types of armour.
You have supernaturally acute eyesight. (SInv)
You cover ground extremely quickly. (Speed+++)


Message History

You hit the bag of meat.
You hew the bag of meat savagely.
You kill the bag of meat!
Makhleb accepts your kill.
You feel better.
You hear a shout! x7
An eight-headed meat hydra comes into view.
You hear a shout! x2
The fleshlord mumbles some strange words.
The fleshlord seems to speed up.
You hear a shout! x2
Unknown command.
Unknown command.
Unknown command.
The eight-headed meat hydra roars!
You slice the large bag of meat!!
Flame seeps out of the large bag of meat.
You hew the large bag of meat savagely.
Makhleb accepts your kill.
You feel better.
You slash the bag of meat!
You dissect the bag of meat like a pig carcass.
You kill the bag of meat!
Makhleb accepts your kill.
You feel better.
You hit the fleshlord.
You slaughter the fleshlord joyfully.
You kill the fleshlord!
Makhleb accepts your kill.
You feel better.
The large bag of meat explodes!
The fiery explosion engulfs you!!!
The fiery explosion engulfs The Servant!!!
The fiery explosion engulfs the large bag of meat!!
You are engulfed in blazing flames.
You hear a shout! x2
The observer gazes at you. Something smites you!
You hear a shout! x5
The large bag of meat is engulfed in blazing flames.
The Servant is engulfed in blazing flames.
The Servant hits you from afar with a +9 glaive of flaming!!!!!
Ouch! That really hurt!
You die...

......).).......
......))D.....# ..
.............#. ...
........).S##.. #oM.
.#....).).#.... #....
......)..)#p..###Go..#
.##.#...).......§§oo#..
............pp§§O@.....
#....#..)).####@§§.....
.......).).†.#.§.....##
......))))...).)..####
.....°)))......####
################


You could see an accursed, The Servant, an eight-headed meat hydra, an observer
(fast, invisible), a scourge, 3 fleshlords, a large bag of meat (inner flame)
and 4 bags of meat.

Vanquished Creatures
  2 hell knights (D)
  Sigmund (D)
  8 hell beasts (D)
  3 royal mummies (D)
  A great orb of eyes (D)
  2 wraiths (D)
  8 vampire knights (D)
  27 ogres (D)
  5 two-headed ogres (D)
  2 liches (D)
  A hydra (D)
  2 phantoms (D)
  45 orcs (D)
  4 skeletal warriors (D)
  2 sea snakes (D)
113 creatures vanquished.

Notes
Turn   | Place    | Note
-------+----------+-------------------------------------------
     0 | D        | Found the +∞ Axe of Woe
     0 | D        | howech the Spriggan Brigand began the quest for the Orb.
     0 | D        | Reached XP level 1. HP: 10/10 MP: 2/2
     3 | D        | Became a worshipper of Makhleb the Destroyer
     3 | D        | Noticed a bag of meat
     4 | D        | Noticed a meat berserker
     4 | D        | Noticed a bag of meat
     5 | D        | Noticed a meat berserker
     5 | D        | Noticed a meat berserker
     6 | D        | Killed a meat berserker
     6 | D        | Noticed a bag of meat
     7 | D        | Reached skill level 15 in Axes
     7 | D        | Reached skill level 10 in Dodging
     7 | D        | Reached skill level 27 in Stealth
     7 | D        | Reached XP level 2. HP: 25/25 MP: 3/3
     7 | D        | Reached XP level 3. HP: 30/30 MP: 4/4
     7 | D        | Reached XP level 4. HP: 35/35 MP: 5/5
     7 | D        | Reached XP level 5. HP: 38/38 MP: 6/6
     7 | D        | Reached XP level 6. HP: 43/43 MP: 7/7
     7 | D        | Reached XP level 7. HP: 47/47 MP: 8/8
     7 | D        | Reached XP level 8. HP: 52/52 MP: 9/9
     7 | D        | Reached XP level 9. HP: 56/56 MP: 10/10
     7 | D        | Reached XP level 10. HP: 60/60 MP: 11/11
     7 | D        | Reached XP level 11. HP: 65/65 MP: 12/12
     8 | D        | Noticed a meat berserker
     8 | D        | Killed a meat berserker
     8 | D        | Reached * piety under Makhleb
     9 | D        | Reached XP level 12. HP: 73/73 MP: 13/13
     9 | D        | Reached XP level 13. HP: 77/77 MP: 14/14
    10 | D        | Killed a bag of meat
    11 | D        | Killed a meat berserker
    11 | D        | Noticed a meat berserker
    12 | D        | Reached skill level 15 in Fighting
    12 | D        | Reached XP level 14. HP: 86/86 MP: 15/15
    12 | D        | Killed a bag of meat
    12 | D        | Reached ** piety under Makhleb
    12 | D        | Noticed a bag of meat
    12 | D        | Noticed a bag of meat
    14 | D        | Noticed a meat berserker
    14 | D        | Killed a meat berserker
    14 | D        | Noticed a meat berserker
    15 | D        | Noticed a bag of meat
    15 | D        | Noticed a bag of meat
    16 | D        | Killed a meat berserker
    17 | D        | Reached skill level 27 in Axes
    17 | D        | Reached XP level 15. HP: 98/98 MP: 16/16
    17 | D        | Noticed a meat berserker
    18 | D        | Noticed a meat berserker
    19 | D        | Killed a meat berserker
    19 | D        | Reached *** piety under Makhleb
    19 | D        | Noticed a meat berserker
    20 | D        | Killed a meat berserker
    21 | D        | Reached XP level 16. HP: 112/112 MP: 17/17
    21 | D        | Noticed a large bag of meat
    23 | D        | Noticed a meat berserker
    24 | D        | Noticed a large bag of meat
    24 | D        | Reached **** piety under Makhleb
    24 | D        | Killed a meat berserker
    25 | D        | Reached skill level 27 in Fighting
    25 | D        | Reached skill level 27 in Dodging
    25 | D        | Noticed a destroyer
    26 | D        | Noticed a large bag of meat
    27 | D        | Reached skill level 10 in Throwing
    27 | D        | Noticed a destroyer
    28 | D        | Killed a meat berserker
    28 | D        | Reached ***** piety under Makhleb
    29 | D        | Reached skill level 15 in Short Blades
    29 | D        | Reached XP level 17. HP: 121/121 MP: 18/18
    31 | D        | Noticed a meat berserker
    32 | D        | Noticed a sculptor of flesh
    33 | D        | Killed a meat berserker
    34 | D        | Reached XP level 18. HP: 127/127 MP: 19/19
    36 | D        | Reached ****** piety under Makhleb
    37 | D        | Reached skill level 27 in Short Blades
    37 | D        | Noticed a sculptor of flesh
    38 | D        | Noticed a destroyer
    38 | D        | Killed a large bag of meat
    38 | D        | Noticed a destroyer
    39 | D        | Reached skill level 27 in Throwing
    40 | D        | Killed a large bag of meat
    41 | D        | Reached skill level 5 in Poison Magic
    41 | D        | Reached skill level 5 in Invocations
    41 | D        | Reached XP level 19. HP: 91/132 MP: 19/29
    43 | D        | Noticed a meat berserker
    45 | D        | Killed a meat berserker
    46 | D        | Reached skill level 5 in Maces & Flails
    46 | D        | Reached skill level 5 in Unarmed Combat
    46 | D        | Reached skill level 5 in Conjurations
    46 | D        | Reached skill level 5 in Summonings
    46 | D        | Reached skill level 5 in Fire Magic
    46 | D        | Reached skill level 5 in Ice Magic
    48 | D        | Noticed an accursed
    49 | D        | Reached skill level 10 in Translocations
    50 | D        | Reached skill level 5 in Polearms
    50 | D        | Reached skill level 5 in Staves
    50 | D        | Reached skill level 5 in Armour
    50 | D        | Reached skill level 5 in Shields
    50 | D        | Reached skill level 10 in Spellcasting
    50 | D        | Reached skill level 10 in Hexes
    50 | D        | Reached skill level 10 in Transmutations
    50 | D        | Reached skill level 10 in Evocations
    50 | D        | Killed a destroyer
    51 | D        | Noticed a meat berserker
    53 | D        | Killed a destroyer
    54 | D        | Reached skill level 10 in Poison Magic
    54 | D        | Reached skill level 10 in Invocations
    54 | D        | Reached XP level 20. HP: 137/137 MP: 20/36
    54 | D        | Killed a meat berserker
    54 | D        | Killed a meat berserker
    54 | D        | Noticed a meat berserker
    54 | D        | Noticed a destroyer
    55 | D        | Reached skill level 10 in Ranged Weapons
    55 | D        | Reached skill level 10 in Necromancy
    55 | D        | Reached skill level 15 in Translocations
    55 | D        | Reached skill level 10 in Air Magic
    55 | D        | Reached skill level 10 in Earth Magic
    55 | D        | Noticed a tyrant
    55 | D        | Killed a tyrant
    55 | D        | Noticed a destroyer
    56 | D        | Reached skill level 10 in Unarmed Combat
    56 | D        | Reached skill level 10 in Summonings
    56 | D        | Reached skill level 15 in Transmutations
    56 | D        | Reached skill level 10 in Fire Magic
    56 | D        | Reached skill level 10 in Ice Magic
    56 | D        | Reached skill level 15 in Evocations
    56 | D        | Killed a destroyer
    57 | D        | Reached XP level 21. HP: 142/142 MP: 20/40
    57 | D        | Killed a destroyer
    58 | D        | Reached skill level 10 in Maces & Flails
    58 | D        | Reached skill level 15 in Spellcasting
    58 | D        | Reached skill level 10 in Conjurations
    58 | D        | Reached skill level 15 in Hexes
    58 | D        | Killed a destroyer
    58 | D        | Noticed a meat beast
    61 | D        | Reached skill level 10 in Polearms
    61 | D        | Reached skill level 10 in Staves
    61 | D        | Reached skill level 10 in Armour
    61 | D        | Reached skill level 10 in Shields
    63 | D        | Reached XP level 22. HP: 148/148 MP: 21/44
    64 | D        | Reached skill level 15 in Poison Magic
    64 | D        | Reached skill level 15 in Invocations
    65 | D        | Killed a destroyer
    65 | D        | Killed a meat beast
    66 | D        | Reached skill level 15 in Ranged Weapons
    66 | D        | Reached skill level 15 in Necromancy
    66 | D        | Reached skill level 15 in Air Magic
    66 | D        | Reached skill level 15 in Earth Magic
    66 | D        | Killed a large bag of meat
    67 | D        | Reached XP level 23. HP: 113/153 MP: 22/48
    70 | D        | Killed an accursed
    71 | D        | Reached skill level 15 in Unarmed Combat
    71 | D        | Reached skill level 15 in Summonings
    71 | D        | Reached skill level 15 in Fire Magic
    71 | D        | Reached skill level 15 in Ice Magic
    72 | D        | Noticed a dread
    83 | D        | Killed a dread
    84 | D        | Reached skill level 15 in Maces & Flails
    84 | D        | Reached skill level 15 in Conjurations
    84 | D        | Reached XP level 24. HP: 97/158 MP: 24/50
   100 | D        | Noticed a destroyer
   100 | D        | Noticed a meat beast
   101 | D        | Noticed a large bag of meat
   101 | D        | Noticed a meat beast
   102 | D        | Noticed The Captor
   102 | D        | Noticed an accursed
   102 | D        | Noticed a meat beast
   104 | D        | Killed a destroyer
   105 | D        | Reached skill level 27 in Translocations
   105 | D        | Noticed a tyrant
   106 | D        | Noticed an accursed
   107 | D        | Noticed a meat beast
   107 | D        | Noticed a meat beast
   108 | D        | Killed a meat beast
   109 | D        | Reached skill level 15 in Polearms
   109 | D        | Reached skill level 15 in Staves
   109 | D        | Reached skill level 15 in Armour
   109 | D        | Reached skill level 15 in Shields
   109 | D        | Reached skill level 27 in Transmutations
   109 | D        | Reached skill level 27 in Evocations
   109 | D        | Reached XP level 25. HP: 49/163 MP: 29/53
   109 | D        | Killed a meat beast
   111 | D        | Reached skill level 27 in Spellcasting
   111 | D        | Reached skill level 27 in Hexes
   111 | D        | Reached XP level 26. HP: 169/169 MP: 30/55
   111 | D        | Killed a meat beast
   112 | D        | Killed a meat beast
   112 | D        | Noticed a meat beast
   113 | D        | Reached XP level 27. HP: 174/174 MP: 30/55
   114 | D        | Killed a meat beast
   115 | D        | Killed a meat beast
   116 | D        | Reached skill level 27 in Poison Magic
   116 | D        | Reached skill level 27 in Invocations
   116 | D        | Noticed a dread
   116 | D        | Killed The Captor
   116 | D        | Noticed a destroyer
   117 | D        | Reached skill level 27 in Ranged Weapons
   117 | D        | Reached skill level 27 in Necromancy
   117 | D        | Reached skill level 27 in Air Magic
   117 | D        | Reached skill level 27 in Earth Magic
   118 | D        | Killed a dread
   119 | D        | Killed a destroyer
   120 | D        | Reached skill level 27 in Summonings
   120 | D        | Reached skill level 27 in Fire Magic
   120 | D        | Noticed a fleshlord
   121 | D        | Reached skill level 27 in Unarmed Combat
   121 | D        | Reached skill level 27 in Ice Magic
   121 | D        | Killed a fleshlord
   121 | D        | Killed an accursed
   121 | D        | Noticed The Servant
   122 | D        | Reached skill level 27 in Maces & Flails
   122 | D        | Reached skill level 27 in Polearms
   122 | D        | Reached skill level 27 in Staves
   122 | D        | Reached skill level 27 in Armour
   122 | D        | Reached skill level 27 in Shields
   122 | D        | Reached skill level 27 in Conjurations
   122 | D        | Reached skill level 27 in Long Blades
   122 | D        | Killed an accursed
   124 | D        | Killed a large bag of meat
   124 | D        | Killed a tyrant
   125 | D        | Noticed a meat beast
   125 | D        | Noticed a large bag of meat
   126 | D        | Noticed a large bag of meat
   128 | D        | Noticed a fleshlord
   128 | D        | Noticed a fleshlord
   128 | D        | Noticed a fleshlord
   128 | D        | Noticed an accursed
   129 | D        | Killed a meat beast
   130 | D        | Noticed a fleshlord
   131 | D        | Killed a large bag of meat
   131 | D        | Killed a fleshlord
   131 | D        | Annihilated by The Servant

Illustrated notes

Levels and vault maps discovered:
D:        meatsprint

Skill      XL: |  1  2  3  4  5  6  7  8  9 10 11 12 13 14 15 16 17 18 19 20 21 22 23 24 25 26 27 |
---------------+----------------------------------------------------------------------------------+-----
Fighting       | 11 13 15 19 24 27 | 27.0
Axes           | 15 20 23 27 | 27.0
Dodging        | 10 12 13 16 19 27 | 27.0
Stealth        | 27 | 27.0
Short Blades   | 15 26 27 | 27.0
Throwing       | 14 24 27 | 27.0
Maces & Flails | 4 7 9 11 13 15 17 18 20 27 | 27.0
Polearms       | 3 6 8 10 12 13 15 17 19 27 | 27.0
Staves         | 3 6 8 10 12 13 15 17 19 27 | 27.0
Ranged Weapons | 4 9 11 13 15 17 20 21 24 27 | 27.0
Armour         | 3 6 8 10 12 13 15 17 19 27 | 27.0
Shields        | 3 6 8 10 12 13 15 17 19 27 | 27.0
Unarmed Combat | 4 8 10 12 14 16 18 20 21 27 | 27.0
Spellcasting   | 6 11 14 17 20 22 25 27 | 27.0
Conjurations   | 4 7 9 11 13 15 17 18 20 27 | 27.0
Hexes          | 6 11 14 17 20 22 25 27 | 27.0
Summonings     | 4 8 10 12 14 16 18 20 22 27 | 27.0
Necromancy     | 4 9 11 13 16 17 20 21 23 27 | 27.0
Translocations | 7 14 17 20 23 26 27 | 27.0
Transmutations | 7 12 16 19 21 24 27 | 27.0
Fire Magic     | 4 8 10 12 14 16 18 20 22 27 | 27.0
Ice Magic      | 4 8 10 12 14 16 18 20 22 27 | 27.0
Air Magic      | 4 9 11 13 16 17 20 22 23 27 | 27.0
Earth Magic    | 4 9 11 13 16 17 20 21 23 27 | 27.0
Poison Magic   | 5 10 12 14 17 19 21 23 25 27 | 27.0
Invocations    | 5 10 12 14 17 19 21 23 25 27 | 27.0
Evocations     | 7 12 16 19 21 24 27 | 27.0
Long Blades    | 27 | 27.0

Action                   |  1- 3 |  4- 6 |  7- 9 | 10-12 | 13-15 | 16-18 | 19-21 | 22-24 | 25-27 || total
-------------------------+-------+-------+-------+-------+-------+-------+-------+-------+-------++-------
Melee: Broad axe         |     1 |       |       |     1 |     7 |    10 |    14 |    15 |    22 ||    70
  Use: Potion            |       |       |       |       |     1 |       |       |       |       ||     1
 Stab: Distracted        |       |       |       |       |       |       |     1 |       |       ||     1
Armor: Robe              |       |       |       |       |       |       |       |     1 |       ||     1
Dodge: Dodged            |       |       |       |       |       |       |       |     2 |     5 ||     7

Table legend: (Time is in decaauts)
 A = Elapsed time spent in this place.
 B = Non-inter-level travel time spent in this place.
 C = Inter-level travel time spent in this place.
 D = Time resting spent in this place.
 E = Time spent auto-exploring this place.
 F = Levels seen in this place.
 G = Mean time per level.
                   A        B        C        D        E       F      G
               +--------+--------+--------+--------+--------+-----+--------+
         Total |     78 |     78 |      0 |      1 |      0 |   1 |   78.0 |
       Dungeon |     78 |     78 |      0 |      1 |      0 |   1 |   78.0 |
               +--------+--------+--------+--------+--------+-----+--------+

Top non-repeatable levels by time:
       D: 78 daAuts
